 Seeded DCSS version 0.29-a0-360-g8ed1089bbe (webtiles) character file.

Game seed: 9333529537487618972 (custom seed)

107 klau3 the Chopper (level 4, 0/40 HPs)
             Began as a Minotaur Berserker on Apr 27, 2022.
             Was a Believer of Trog.
             Shot with an arrow by a centaur (2 damage)
             ... on level 4 of the Dungeon on Apr 28, 2022.
             The game lasted 00:12:53 (3243 turns).

klau3 the Chopper (Minotaur Berserker)              Turns: 3243, Time: 00:12:54

Health: 0/40       AC: 13    Str: 28    XL:     4   Next: 57%
Magic:  3/3        EV: 11    Int:  4    God:    Trog [**....]
Gold:   98         SH:  0    Dex:  9    Spells: 3/3 levels left

rFire   . . .      SeeInvis .   o - +2 mace (vorpal)
rCold   . . .      Faith    .   (no shield)
rNeg    . . .      Spirit   .   s - +5 ring mail of the Evening Star {Str+4}
rPois   .          Reflect  .   (helmet restricted)
rElec   .          Harm     .   (no cloak)
rCorr   .          Rampage  .   x - +0 pair of gloves {Stlth+}
Will    .....                   y - +0 pair of boots
Stlth   +.........              (no amulet)
HPRegen 0.13/turn               n - ring of wizardry
MPRegen 0.08/turn               (no ring)

@: no status effects
A: horns 2, retaliatory headbutt
a: Renounce Religion, Berserk, Trog's Hand


You were on level 4 of the Dungeon.
You worshipped Trog.
Trog was pleased with you.
You visited 1 branch of the dungeon, and saw 4 of its levels.

You collected 98 gold pieces.

Inventory:

Hand Weapons
 a - a +0 hand axe
 l - a +0 whip of venom
 o - a +2 vorpal mace (weapon)
 w - a +1 antimagic great sword
Missiles
 j - 6 poisoned darts (quivered)
Armour
 b - a +0 animal skin
 g - a +0 ring mail
 s - the +5 ring mail of the Evening Star (worn) {Str+4}
   (You found it on level 2 of the Dungeon)

   Str:       It affects your strength (+4).
 x - a +0 pair of gloves of stealth (worn)
 y - a +0 pair of boots (worn)
Jewellery
 n - a ring of wizardry (left hand)
 r - a ring of fire
 v - a ring of protection from cold
 z - a ring of fire
 A - a ring of ice
Scrolls
 k - a scroll of immolation {unknown}
 p - a scroll of blinking {unknown}
 t - 2 scrolls of teleportation {unknown}
 u - 3 scrolls of identify {unknown}
Potions
 c - 2 potions of attraction {unknown}
 d - a potion of magic {unknown}
 e - a potion of haste {unknown}
 f - a potion of invisibility {unknown}
 h - 3 potions of mutation {unknown}
 i - 3 potions of curing {unknown}
 m - 2 potions of brilliance {unknown}
 q - a potion of lignification {unknown}
 B - a potion of cancellation {unknown}


   Skills:
 + Level 4.2 Fighting
 + Level 4.6(4.8) Axes
 + Level 1.2(3.2) Maces & Flails
 + Level 3.7 Armour
 + Level 2.8 Dodging
 + Level 0.1 Stealth


You had 3 spell levels left.
You didn't know any spells.
Your spell library was empty.

Dungeon Overview and Level Annotations

Branches:
Dungeon (4/15)
 Temple: D:4-7

Altars:

Shops:
D:4 ![

Annotations:
D:3 2 runed translucent doors, Taurus's ghost, amateur DECj
D:4 3 runed translucent doors


Innate Abilities, Weirdness & Mutations

You have a pair of horns on your head.
You reflexively headbutt those who attack you in melee.


Message History

Found a pink potion.
An endoplasm comes into view.
Found a runed translucent gate.
The goblin shouts!
The endoplasm quivers.
You hear a shout!
A centaur comes into view.
You sock the goblin!
You kill the goblin!
Trog accepts your kill.
The centaur wields a +0 shortbow.
The centaur shoots an arrow.
The arrow hits you but does no damage. The goblin hits you but does no damage.
The centaur shoots an arrow.
The arrow hits you.
The centaur shoots an arrow.
The arrow hits you but does no damage. The goblin misses you.
You furiously retaliate!
You headbutt the goblin!
You kill the goblin!
Trog accepts your kill.
You see here a +0 club.
You hit the endoplasm.
You kill the endoplasm!
Trog accepts your kill.
The centaur shoots an arrow.
The arrow hits you.
The centaur shoots an arrow.
The arrow hits you!
The centaur shoots an arrow.
The arrow completely misses you.
The centaur shoots an arrow.
The arrow hits you.
The centaur shoots an arrow.
The arrow barely misses you.
The centaur shoots an arrow.
The arrow hits you but does no damage.
The centaur shoots an arrow.
The arrow hits you.
The centaur shoots an arrow.
The arrow barely misses you.
The centaur shoots an arrow.
The arrow misses you.
The centaur shoots an arrow.
The arrow hits you.
* * * LOW HITPOINT WARNING * * *
The centaur shoots an arrow.
The arrow hits you.
* * * LOW HITPOINT WARNING * * *
The centaur shoots an arrow.
The arrow hits you.
* * * LOW HITPOINT WARNING * * *
The centaur shoots an arrow.
The arrow hits you.
* * * LOW HITPOINT WARNING * * *
The centaur shoots an arrow.
The arrow hits you.
You die...

####..)......# ..
#.........#......
#.[.......+......
#.........#.......###
######..............!
#..#......#....
#.............
##..#....#..#
#..@.......#
#...#..#...#
##........#
#...##...###
#.......)).####.
#...#..#........^
#................
#..#...c#......##
#...........c...#.


You could see a centaur.

Vanquished Creatures
  4 adders
  2 worms (D:2)
  A dart slug (D:2)
  10 ball pythons
  14 bats
  8 endoplasms
  5 goblins
  4 hobgoblins
  A quokka (D:3)
  3 frilled lizards (D:1)
  9 kobolds
  4 rats
65 creatures vanquished.

Notes
Turn   | Place    | Note
-------+----------+-------------------------------------------
     0 | D:1      | klau3 the Minotaur Berserker began the quest for the Orb.
     0 | D:1      | Reached XP level 1. HP: 19/19 MP: 0/0
   126 | D:1      | Found a faded altar of an unknown god.
   176 | D:1      | Reached XP level 2. HP: 15/27 MP: 1/1
  1190 | D:2      | Reached XP level 3. HP: 28/33 MP: 2/2
  1518 | D:2      | Reached ** piety under Trog
  2040 | D:2      | Identified the +5 ring mail of the Evening Star {Str+4}
  2197 | D:2      | Reached XP level 4. HP: 40/40 MP: 3/3
  2598 | D:3      | Found a large runed translucent door.
  2598 | D:3      | Found a large runed translucent door.
  2603 | D:3      | Noticed Taurus's ghost (amateur DECj)
  2636 | D:3      | Reached skill level 1 in Maces & Flails
  3116 | D:3      | Upgraded the game from 0.29-a0-359-g541a27f54d to
                  | 0.29-a0-360-g8ed1089bbe
  3149 | D:4      | Found Epokourch's Distillery.
  3177 | D:4      | Found Jyiginuph's Armour Emporium.
  3227 | D:4      | Found a runed translucent gate.
  3228 | D:4      | Noticed a centaur
  3230 | D:4      | Found a runed translucent gate.
  3232 | D:4      | Found a runed translucent gate.
  3241 | D:4      | HP: 2/40 [centaur/arrow (2)]
  3243 | D:4      | Shot with an arrow by a centaur

Illustrated notes

Levels and vault maps discovered:
D:1:      dpeg_arrival_three_same_balls, layout_basic, basic_ecumenical_altar
D:2:      layout_rooms
D:3:      layout_loops_cross, ebering_ghost_disaster_area,
          hangedman_decor_clover_reticule, minmay_misc_feat_diagonals,
          kennysheep_crisscross
D:4:      layout_basic, gammafunk_ghost_necromancy, serial_shops,
          nicolae_stop_n_shop_1, nicolae_shop_behind_doors,
          nicolae_stop_n_shop_2, minmay_misc_feat_more_columns, minmay_distorted

Skill      XL: |  1  2  3  4 |
---------------+-------------+-----
Fighting       | 4 |  4.2
Axes           | 4 |  4.6
Armour         | 3 |  3.7
Maces & Flails | 1 |  1.2
Dodging        | |  2.8
Stealth        | |  0.1

Action                   |  1- 3 |  4- 6 || total
-------------------------+-------+-------++-------
Melee: Hand axe          |    25 |       ||    25
       Headbutt          |    11 |     1 ||    12
       Whip              |    32 |       ||    32
       Punch             |     1 |       ||     1
       Mace              |    22 |    29 ||    51
Armor: Animal skin       |     5 |       ||     5
       Ring mail         |    69 |    28 ||    97
Dodge: Dodged            |    96 |    33 ||   129

Table legend: (Time is in decaauts)
 A = Elapsed time spent in this place.
 B = Non-inter-level travel time spent in this place.
 C = Inter-level travel time spent in this place.
 D = Time resting spent in this place.
 E = Time spent auto-exploring this place.
 F = Levels seen in this place.
 G = Mean time per level.
                   A        B        C        D        E       F      G
               +--------+--------+--------+--------+--------+-----+--------+
         Total |   3255 |   2713 |    542 |    618 |    901 |   4 |  813.8 |
       Dungeon |   3255 |   2713 |    542 |    618 |    901 |   4 |  813.8 |
               +--------+--------+--------+--------+--------+-----+--------+

Top non-repeatable levels by time:
     D:1: 1186 daAuts
     D:2: 1131 daAuts
     D:3: 843 daAuts
     D:4: 94 daAuts
